 Dungeon Crawl Stone Soup version 0.21-a0-442-g848f44b (webtiles) character file.

151 Ijustatesigmund the Shield-Bearer (level 5, 0/36 HPs)
             Began as an Octopode Artificer on Nov 13, 2017.
             Slain by Crazy Yiuf
             ... wielding a +3 quarterstaff of chaos
              (14 damage)
             ... on level 3 of the Dungeon.
             The game lasted 00:09:01 (2730 turns).

Ijustatesigmund the Shield-Bearer (OpAr)            Turns: 2730, Time: 00:09:03

Health: 0/36       AC:  1    Str: 12    XL:     5   Next: 33%
Magic:  7/7        EV: 11    Int: 13    God:
Gold:   110        SH:  0    Dex: 13    Spells: 4/4 levels left

rFire    . . .     SeeInvis .   a - +1 short sword
rCold    . . .     Gourm    .   o - +2 shield {reflect}
rNeg     . . .     Faith    .   (helmet restricted)
rPois    .         Spirit   .   (no amulet)
rElec    .         Reflect  +   j - ring of resist corrosion
rCorr    +         Harm     .   (no ring)
MR       .....                  (no ring)
Stlth    ++........             (no ring)
HPRegen  0.12/turn              (no ring)
MPRegen  0.10/turn              (no ring)
                                (no ring)
                                (no ring)

@: confused, lethally poisoned (0 -> -11), slowed, very slow
A: almost no armour, stealthy swim, amphibious, 8 rings, constrict 8, camouflage
1, gelatinous body 1
a: no special abilities


You were on level 3 of the Dungeon.
You were hungry.

You visited 1 branch of the dungeon, and saw 3 of its levels.

You collected 110 gold pieces.

Inventory:

Hand Weapons
 a - a +1 short sword (weapon)
 r - a +0 dagger of venom
Armour
 o - a +2 shield of reflection (worn)
Jewellery
 j - a ring of resist corrosion (left tentacle)
Wands
 b - a wand of flame (15/48)
 c - a wand of enslavement (11/24)
 d - a wand of random effects (14/48)
Scrolls
 n - a scroll of teleportation {unknown}
 q - a scroll of recharging {unknown}
 s - 2 scrolls of remove curse
Potions
 e - a potion of ambrosia
 g - a potion of lignification {unknown}
 h - a potion of resistance {unknown}
 k - a potion of heal wounds {unknown}
 l - a potion of mutation {unknown}
 p - a potion of curing {unknown}
 t - 2 potions of haste {unknown}
Comestibles
 f - 3 bread rations
 i - a royal jelly
 m - a meat ration


   Skills:
 - Level 3.3 Fighting
 - Level 1.0 Short Blades
 - Level 2.0 Dodging
 - Level 1.3 Stealth
 + Level 3.4 Shields
 - Level 3.2 Evocations


You had 4 spell levels left.
You didn't know any spells.

Dungeon Overview and Level Annotations

Branches:
Dungeon (3/15)

Altars:

Annotations:
D:3 Crazy Yiuf


Innate Abilities, Weirdness & Mutations

You cannot wear most types of armour.
You are very stealthy in the water. (Stealth+)
You are amphibious.
You can wear up to eight rings at the same time.
You can use your tentacles to constrict eight enemies at once.
Your skin changes colour to match your surroundings (Stealth+).
Your rubbery body absorbs attacks. (AC +1, EV +1)


Message History

Aiming: Random Effects
Press: ? - help, Shift-Dir - straight line, f - Crazy Yiuf
Aim: Crazy Yiuf, wielding a quarterstaff of chaos and wearing a glowing cloak (lightly wounded, constricted by you) Crazy Yiuf seems to speed up.
This wand has 14 charges left.
You constrict Crazy Yiuf.
Crazy Yiuf laughs, "East!
Scoff mobile mumblescurry."
Crazy Yiuf hits you with a quarterstaff of chaos.
You block Crazy Yiuf's attack.
You hit Crazy Yiuf.
Crazy Yiuf is moderately wounded.
You constrict Crazy Yiuf.
Crazy Yiuf yells, "Spliff!"
You block Crazy Yiuf's attack.
Crazy Yiuf hits you with a quarterstaff of chaos!
You are lethally poisoned!
It was a potion of ambrosia.
You are confused.
You feel invigorated.
You constrict Crazy Yiuf.
You feel sick.
Crazy Yiuf hits you with a quarterstaff of chaos!
You die...

#....#####.###
#.....##.....#
#.....##.....#
#########....#
#....# #....# #####
♣♣####### #)..#♣♣
♣..#.##
#.g@'.♣♣♣♣♣....[#
#...#♣..♣.......####
#####♣♣♣.♣...#......
♣♣♣♣♣##.####.
#.####.
########.#....
#..........##.
#...(....####.
########......


You could see Crazy Yiuf.

Vanquished Creatures
  Jessica (D:2)
  Terence (D:3)
  A gnoll (D:2)
  3 adders
  A worm (D:2)
  3 dart slugs
  3 leopard geckos
  An orc (D:3)
  A ball python (D:2)
  3 giant cockroaches (D:2)
  7 goblins
  5 hobgoblins
  A quokka (D:3)
  6 bats
  2 frilled lizards
  6 kobolds
  5 rats
50 creatures vanquished.

Vanquished Creatures (collateral kills)
  A gnoll (D:2)
1 creature vanquished.

Vanquished Creatures (others)
  2 gnolls (D:2)
2 creatures vanquished.

Grand Total: 53 creatures vanquished

Notes
Turn   | Place    | Note
-------+----------+-------------------------------------------
     0 | D:1      | Ijustatesigmund the Octopode Artificer began the quest for the Orb.
     0 | D:1      | Reached XP level 1. HP: 13/13 MP: 3/3
   123 | D:1      | Reached XP level 2. HP: 17/19 MP: 4/4
   795 | D:2      | Reached XP level 3. HP: 25/25 MP: 5/5
   984 | D:2      | Noticed Jessica
  1522 | D:3      | Noticed Terence
  1529 | D:3      | Killed Terence
  1529 | D:3      | Reached skill level 1 in Shields
  1529 | D:3      | Reached XP level 4. HP: 13/31 MP: 6/6
  1827 | D:3      | Found a runed door.
  2141 | D:2      | Reached XP level 5. HP: 28/36 MP: 7/7
  2193 | D:2      | Killed Jessica
  2724 | D:3      | Noticed Crazy Yiuf
  2730 | D:3      | Slain by Crazy Yiuf

Vault maps used:
D:1:      dpeg_arrival_tiny_a
D:2:      uniq_jessica
D:3:      uniq_terence, uniq_crazy_yiuf_cottage

Skill      XL: |  1  2  3  4 |
---------------+-------------+-----
Fighting       | 2 3 |  3.3
Shields        | 1 3 |  3.4
Short Blades   | |  1.0
Dodging        | |  2.0
Stealth        | |  1.3
Evocations     | |  3.2

Action                   |  1- 3 |  4- 6 || total
-------------------------+-------+-------++-------
Melee: Short sword       |    76 |    32 ||   108
       Constrict         |    18 |    11 ||    29
       Tentacles         |    11 |     8 ||    19
Evoke: Wand              |       |     5 ||     5
  Use: Scroll            |     6 |     2 ||     8
       Potion            |     1 |     1 ||     2
 Stab: Sleeping          |     6 |     2 ||     8
  Eat: Chunk             |     2 |     3 ||     5
Armor: Skin              |    12 |     2 ||    14
Dodge: Dodged            |    55 |    12 ||    67
Block: Shield            |     5 |    12 ||    17
       Reflection        |     1 |       ||     1

Table legend:
 A = Spawn XP
 B = Non-spawn XP
 C = Spawn XP percentage of total XP
 D = Spawn monster count
 E = Non-spawn monster count
 F = Spawn count percentage of total count
 G = Total turns spent on level
                    A         B        C        D         E        F      G
               +---------+---------+-------+---------+---------+-------+---------
         Total |       0 |     217 |   0.0 |       0 |      52 |   0.0 |  2730
               +---------+---------+-------+---------+---------+-------+---------
           D:1 |       0 |      27 |   0.0 |       0 |      15 |   0.0 |   575
           D:2 |       0 |     109 |   0.0 |       0 |      25 |   0.0 |  1040
           D:3 |       0 |      81 |   0.0 |       0 |      12 |   0.0 |  1115
               +---------+---------+-------+---------+---------+-------+---------
